 Dungeon Crawl Stone Soup version 0.28.0-45-g0d030f2227 (webtiles) character file.

Game seed: 12903560668827750482

873 pkoi the Gusty (level 7, 0/51 HPs)
             Began as a Demigod Air Elementalist on Apr 4, 2022.
             Slain by Duvessa
             ... wielding a +0 rapier
              (6 damage)
             ... on level 5 of the Dungeon.
             The game lasted 00:06:34 (6599 turns).

pkoi the Gusty (Demigod Air Elementalist)           Turns: 6599, Time: 00:06:35

Health: 0/51       AC:  2    Str:  9    XL:     7   Next: 45%
Magic:  1/16       EV: 12    Int: 25    God:
Gold:   277        SH:  0    Dex: 14    Spells: 0/14 levels left

rFire   . . .      SeeInvis .   d - +1 short sword (venom)
rCold   . . .      Faith    .   (no shield)
rNeg    + . .      Spirit   .   a - +0 robe
rPois   .          Reflect  .   (no helmet)
rElec   .          Harm     .   (no cloak)
rCorr   .          Rampage  .   (no gloves)
Will    +....                   (no boots)
Stlth   ++........              (no amulet)
HPRegen 0.17/turn               g - ring of positive energy
MPRegen 0.15/turn               j - ring of willpower

@: no status effects
A: high MP 1, forlorn, divine attributes
a: no special abilities


You were on level 5 of the Dungeon.
You visited 1 branch of the dungeon, and saw 5 of its levels.

You collected 277 gold pieces.

Inventory:

Hand Weapons
 c - a +0 short sword
 d - a +1 short sword of venom (weapon)
 i - a +4 short sword
Armour
 a - a +0 robe (worn)
Magical Staves
 e - a staff of poison
Jewellery
 b - a ring of see invisible
 g - a ring of positive energy (left hand)
 j - a ring of willpower (right hand)
 l - a ring of magical power
Scrolls
 h - 3 scrolls of identify
 n - a scroll of brand weapon {unknown}
Potions
 f - 2 potions of cancellation
 k - a potion of attraction
 m - a potion of haste {unknown}


   Skills:
 + Level 0.5 Fighting
 + Level 2.0 Dodging
 - Level 1.7 Stealth
 - Level 0.1 Unarmed Combat
 - Level 4.0 Spellcasting
 + Level 1.7 Conjurations
 + Level 1.3 Fire Magic
 + Level 7.0 Air Magic


You couldn't memorise any spells.
You knew the following spells:

 Your Spells              Type           Power      Damage    Failure   Level
a - Shock                 Conj/Air       100%       1d9       1%          1
b - Static Discharge      Conj/Air       26%        N/A       2%          2
c - Swiftness             Air            40%        N/A       1%          3
d - Airstrike             Air            20%        N/A       4%          4
e - Sticky Flame          Conj/Fire      12%        2d4       43%         4

Your spell library contained the following spells:

 Spells                   Type           Power      Damage    Failure   Level
 Pain                     Necr           20%        1d5       9%          1
 Dazzling Flash           Conj/Hex       18%        N/A       19%         3
 Frozen Ramparts          Ice            10%        1d3       26%         3
 Silence                  Hex/Air        11%        N/A       52%         5
 Animate Armour           Summ/Erth      10%        N/A       65%         4
 Dispel Undead            Necr           5%         3d7       65%         4
 Ice Form                 Ice/Tmut       5%         N/A       65%         4
 Leda's Liquefaction      Hex/Erth       2%         N/A       65%         4
 Summon Ice Beast         Ice/Summ       5%         N/A       65%         4
 Agony                    Necr           5%         N/A       94%         5
 Blade Hands              Tmut           2%         N/A       94%         5
 Excruciating Wounds      Necr           2%         N/A       94%         5
 Lee's Rapid Deconstruct  Erth           2%         3d6*      94%         5
 Iron Shot                Conj/Erth      4%         9d2       100%        6
 Statue Form              Tmut/Erth      3%         N/A       100%        6


Dungeon Overview and Level Annotations

Branches:
Dungeon (5/15)
 Temple: D:4-7

Shops:
D:3 (

Annotations:
D:5 Dowan, Duvessa


Innate Abilities, Weirdness & Mutations

You have an increased reservoir of magic. (+10% MP)
You shall have no god before yourself.
Your divine heritage dramatically boosts your attributes as you level up.


Message History

Dowan is nearby!
You miscast Airstrike.
You are very lightly contaminated with residual magic.
Nothing appears to happen.
Dowan points at something and mumbles some strange words.
Duvessa, Sister of Dowan comes into view.
She is wielding a +0 rapier.
The air twists around and strikes Duvessa!
Duvessa is moderately wounded.
The air twists around and strikes Duvessa!
Duvessa is heavily wounded.
Duvessa hits you with a +0 rapier.
Dowan gestures wildly while chanting.
Dowan blinks!
Duvessa completely misses you.
Unknown command.
You barely miss Duvessa.
Duvessa is heavily wounded.
Duvessa hits you with a +0 rapier!
* * * LOW HITPOINT WARNING * * *
Duvessa hits you with a +0 rapier!
* * * LOW HITPOINT WARNING * * *
You closely miss Duvessa.
Duvessa is heavily wounded.
Duvessa hits you with a +0 rapier.
* * * LOW HITPOINT WARNING * * *
You hit Duvessa but do no damage.
Duvessa is poisoned.
Duvessa is heavily wounded.
Duvessa barely misses you. Duvessa closely misses you.
Aiming: Airstrike (dangerous; 4% risk of failure)
Press: ? - help, Q - select action, (/) - cycle Dir - move target, f/p - Duvessa
Aim: Duvessa, wielding a +0 rapier and wearing a +0 scale mail (heavily wounded, fast, very poisoned, empty space bonus: 2/8)
The air twists around and strikes Duvessa.
Duvessa is severely wounded.
Duvessa hits you with a +0 rapier!
* * * LOW HITPOINT WARNING * * *
Your magical contamination has completely faded away.
Duvessa says, "When magic and the sword combine, nothing stands against them."
Duvessa hits you with a +0 rapier.
* * * LOW HITPOINT WARNING * * *
Duvessa hits you with a +0 rapier.
You die...

#.#
##################..
#.## ### ...# # #..#
########## #..#
###### #.........
#.[# #....#
#.######## #..######
#.##.# #.# .........
e. #e# ##.##
######### ##
#@######...#
#<.......#.#
########...# #####


You could see Duvessa (fast, very poisoned).

Vanquished Creatures
  Grinder (D:5)
  An ogre (D:5)
  A necrophage (D:4)
  A scorpion (D:5)
  A bullfrog zombie (D:5)
  3 hounds
  An orc priest (D:5)
  An iguana (D:4)
  Natasha (thrice) (D:4)
  A hound skeleton (D:5)
  6 adders
  2 river rats (D:4)
  A white imp (D:5)
  An ufetubus (D:5)
  2 worms
  3 dart slugs
  7 orcs (D:5)
  8 ball pythons
  2 endoplasms
  5 giant cockroaches
  6 hobgoblins
  7 jackals
  6 kobolds
  2 quokkas
  9 bats
  2 frilled lizards
  2 goblins
  5 rats
90 creatures vanquished.

Notes
Turn   | Place    | Note
-------+----------+-------------------------------------------
     0 | D:1      | pkoi the Demigod Air Elementalist began the quest for the
                  | Orb.
     0 | D:1      | Reached XP level 1. HP: 14/14 MP: 5/5
    84 | D:1      | Reached skill level 3 in Air Magic
   280 | D:1      | Reached XP level 2. HP: 11/20 MP: 1/7
  1606 | D:2      | Reached XP level 3. HP: 10/26 MP: 0/8
  2466 | D:3      | Reached skill level 4 in Air Magic
  2466 | D:3      | Reached XP level 4. HP: 22/33 MP: 5/10
  2680 | D:3      | Found Ryuxkuba's Weapon Shop.
  2723 | D:3      | Learned a level 2 spell: Static Discharge
  2727 | D:3      | Learned a level 3 spell: Swiftness
  3182 | D:4      | Noticed Natasha
  3193 | D:4      | Killed Natasha
  3416 | D:4      | Noticed Natasha
  3423 | D:4      | Killed Natasha
  3424 | D:4      | Reached XP level 5. HP: 15/38 MP: 7/12
  3887 | D:4      | Noticed a necrophage
  3905 | D:4      | Killed a necrophage
  3906 | D:4      | Reached skill level 5 in Air Magic
  4064 | D:4      | Learned a level 4 spell: Airstrike
  4113 | D:4      | Noticed Natasha
  4132 | D:4      | Killed Natasha
  4133 | D:4      | Reached XP level 6. HP: 18/45 MP: 3/15
  4733 | D:5      | Entered Level 5 of the Dungeon
  5245 | D:5      | Noticed Grinder
  5253 | D:5      | Paralysed by Grinder for 7 turns
  5265 | D:5      | Paralysed by Grinder for 2 turns
  5271 | D:5      | Paralysed by Grinder for 2 turns
  5402 | D:5      | Killed Grinder
  5403 | D:5      | Reached skill level 6 in Air Magic
  5403 | D:5      | Reached XP level 7. HP: 31/50 MP: 6/16
  5627 | D:5      | Learned a level 4 spell: Sticky Flame
  5674 | D:5      | Reached skill level 1 in Conjurations
  5983 | D:5      | Reached skill level 1 in Fire Magic
  6491 | D:5      | Reached skill level 7 in Air Magic
  6589 | D:5      | Noticed Dowan
  6590 | D:5      | Noticed Duvessa
  6599 | D:5      | Slain by Duvessa

Illustrated notes

Levels and vault maps discovered:
D:1:      lightli_molten_gateway, layout_loops_ring,
          dreamdust_ecumenical_altar_statues
D:2:      layout_rooms, corner_web_ring, chequers_garden
D:3:      layout_rooms, serial_shops, nicolae_shop_bloodbath_and_beyond,
          minmay_parallelograms
D:4:      layout_cave_pools, portal_sewer_entry_e, uniq_natasha
D:5:      layout_loops_ring, mainiacjoe_overflow_surrounded_room, uniq_sigmund,
          uniq_duvessa, uniq_grinder

Skill      XL: |  1  2  3  4  5  6  7 |
---------------+----------------------+-----
Air Magic      | 3 4 5 6 7 |  7.0
Spellcasting   | 2 3 4 |  4.0
Conjurations   | 1 |  1.7
Fire Magic     | 1 |  1.3
Dodging        | 2 |  2.0
Fighting       | |  0.5
Stealth        | |  1.7
Unarmed Combat | |  0.1

Action                   |  1- 3 |  4- 6 |  7- 9 || total
-------------------------+-------+-------+-------++-------
Melee: Unarmed           |     3 |       |       ||     3
       Short sword       |     5 |    17 |     3 ||    25
       Staff             |     3 |       |       ||     3
       Punch             |       |     1 |       ||     1
 Cast: Shock             |    91 |   123 |       ||   214
       Airstrike         |       |       |    25 ||    25
  Use: Scroll            |     1 |     5 |       ||     6
       Potion            |       |     2 |       ||     2
Armor: Robe              |     9 |     4 |       ||    13
Dodge: Dodged            |    22 |    18 |     4 ||    44
